Avalanche vs Flames

Created - December 9 2010 at 18:08

Goals
1 2 3 T
Avalanche 0 0 2 2
Flames 1 1 2 4
Shots
1 2 3 T
Avalanche 5 9 21 35
Flames 7 12 7 26

Period #1

1. Flames , Dan Boyle 6 (Maxim Lapierre, Mark Streit) at 0:26

Penalties :
Kris Versteeg (COL) for Elbowing (Minor) at 7:55, Niclas Wallin (COL) for High sticking (Minor) at 12:17, Carl Gunnarsson (COL) for Cross-checking (Minor) at 17:14

Period #2

2. Flames , Marco Sturm 10 (Mike Fisher, Rob Schremp) at 16:33

Penalties :
Brian Gionta (COL) for Interference (Minor) at 3:38, Oskars Bartulis (CGY) for Roughing (Minor) at 5:56, Vaclav Prospal (COL) for Hooking (Minor) at 6:09, Mike Fisher (CGY) for High sticking (Minor) at 14:26, Troy Brouwer (COL) for Hooking (Minor) at 14:29, T.J. Oshie (COL) for Holding (Minor) at 17:05, Maxim Lapierre (CGY) for Boarding (Minor) at 19:53

Period #3

3. Avalanche , Joe Corvo 9 (Brian Gionta, Tyler Bozak) at 1:25 (PP)
4. Avalanche , Kevin Klein 3 (Niclas Wallin, Marcel Goc) at 11:08
5. Flames , Marco Sturm 11 (Jack Johnson, Zach Bogosian) at 12:39 (PP)
6. Flames , Maxim Lapierre 2 (Steve Downie, Zach Bogosian) at 19:59 (Empty Net)

Penalties :
Jack Johnson (CGY) for Tripping (Minor) at 2:02, Daniel Briere (COL) for Hooking (Minor) at 2:18, Josh Gorges (CGY) for Hooking (Minor) at 8:04, Zach Bogosian (CGY) for Hooking (Minor) at 8:51, T.J. Oshie (COL) for Hooking (Minor) at 11:49, Kyle Quincey (COL) for Hooking (Minor) at 13:12, Zach Bogosian (CGY) for Roughing (Minor) at 17:34

Goalie Stats

Antti Niemi (COL), 22 saves from 25 shots - (0.880), L, 7-5-1, 59:02 minutes
Evgeni Nabokov (CGY), 33 saves from 35 shots - (0.943), W, 14-9-6, 60:00 minutes

Players Stats

Avalanche
Player Name              G  A  P  +/- PIM S  H  SB FO    MP 
------------------------------------------------------------
Brian Gionta             0  1  1   1  2   3  0  0  1/3   18 
Carl Gunnarsson          0  0  0  -2  2   1  0  0  0/0   22 
Daniel Briere            0  0  0  -1  2   3  5  0  0/1   14 
Joe Corvo                1  0  1   0  0   3  1  3  0/0   20 
Kevin Klein              1  0  1   0  0   2  0  2  0/0   15 
Kris Versteeg            0  0  0  -1  2   0  0  0  1/1   11 
Kyle Quincey             0  0  0   0  2   4  2  1  0/0   22 
Marcel Goc               0  1  1   0  0   1  0  0  9/14  16 
Mike Knuble              0  0  0  -1  0   3  1  0  0/2   14 
Niclas Wallin            0  1  1  -1  2   0  4  0  0/0   17 
T.J. Galiardi            0  0  0   0  0   0  1  1  5/9   14 
T.J. Oshie               0  0  0   0  4   2  1  0  1/1   12 
Todd White               0  0  0   0  0   1  0  0  3/5   6  
Troy Brouwer             0  0  0  -2  2   1  3  0  0/0   19 
Tyler Bozak              0  1  1  -2  0   3  1  0  10/15 13 
Vaclav Prospal           0  0  0   0  2   4  1  0  14/27 17 
Wade Redden              0  0  0  -1  0   2  1  3  0/0   21 
Wojtek Wolski            0  0  0   0  0   2  0  0  0/1   12 
Flames
Player Name              G  A  P  +/- PIM S  H  SB FO    MP 
------------------------------------------------------------
Alex Steen               0  0  0   0  0   2  0  0  0/0   19 
Dan Boyle                1  0  1   0  0   4  4  3  0/0   23 
Erik Johnson             0  0  0   0  0   1  0  2  0/0   20 
Evgeni Malkin            0  0  0   0  0   0  0  0  0/0   5  
Jack Johnson             0  1  1   0  2   1  1  1  0/0   19 
John Tavares             0  0  0   0  0   0  0  0  0/0   0  
Josh Gorges              0  0  0   1  2   0  1  0  0/0   17 
Marco Sturm              2  0  2   1  0   4  0  0  2/2   21 
Mark Streit              0  1  1   1  0   2  2  1  0/0   23 
Matt Cullen              0  0  0   0  0   1  2  0  15/30 18 
Maxim Lapierre           1  1  2   1  2   1  2  1  5/20  20 
Mike Fisher              0  1  1   1  2   5  4  0  11/24 22 
Oskars Bartulis          0  0  0   1  2   0  2  0  0/0   13 
Owen Nolan               0  0  0   1  0   2  0  0  1/1   14 
Rob Schremp              0  1  1   0  0   2  0  0  0/0   15 
Rostislav Olesz          0  0  0   1  0   0  0  0  1/2   22 
Steve Downie             0  1  1   1  0   1  4  0  0/0   11 
Zach Bogosian            0  2  2   1  4   0  0  0  0/0   5  

3 Stars

1 - Marco Sturm (CGY)
2 - Dan Boyle (CGY)
3 - Maxim Lapierre (CGY)

Power Play

Avalanche - 1 on 7 Attempt(s) - 14.29%
Flames - 1 on 10 Attempt(s) - 10.00%

Penalty Kill

Avalanche - 9 on 10 Attempt(s) - 90.00% - Score 0 goal in Penalty Kill
Flames - 6 on 7 Attempt(s) - 85.71% - Score 0 goal in Penalty Kill

Game Notes

Maxim Lapierre has scored in a empty net!

Finance

Level 1 -- Attendance: 6500 (100.00%) -- Ticket Income $487,500.00
Level 2 -- Attendance: 4526 (90.52%) -- Ticket Income $226,300.00
Level 3 -- Attendance: 3410 (97.43%) -- Ticket Income $102,300.00
Level 4 -- Attendance: 2889 (87.84%) -- Ticket Income $57,780.00
Luxury Box -- Attendance: 982 (98.20%) -- Ticket Income $147,300.00
Game was played at the ScotiaBank Saddledome
Total Attendance: 18307 (94.91%)
Total Ticket Income: $1,102,684.00
Other Income: $175,065.30
Total Income: $1,277,749.00


Play by Play

Period #1

0:01 of 1st period - Maxim Lapierre wins face-off versus Tyler Bozak in neutral zone.
0:20 of 1st period - Shot by Steve Downie.
0:20 of 1st period - Stopped by Antti Niemi with a rebound.
0:22 of 1st period - Shot by Mark Streit.
0:22 of 1st period - Stopped by Antti Niemi with a rebound.
0:24 of 1st period - Shot by Maxim Lapierre.
0:24 of 1st period - Shot Misses the Net.
0:26 of 1st period - Shot by Dan Boyle.
0:26 of 1st period - Goal by Dan Boyle - Avalanche : 0 - Flames : 1.
0:27 of 1st period - Mike Fisher wins face-off versus Vaclav Prospal in neutral zone.
0:35 of 1st period - Alex Steen is hit by Kyle Quincey and loses puck.
0:43 of 1st period - Icing by Joe Corvo.
0:44 of 1st period - Vaclav Prospal wins face-off versus Matt Cullen in Avalanche zone.
1:15 of 1st period - Shot by Wojtek Wolski.
1:15 of 1st period - Shot Misses the Net.
1:41 of 1st period - Rostislav Olesz is hit by Daniel Briere and loses puck.
2:08 of 1st period - Carl Gunnarsson is hit by Steve Downie and loses puck.
2:39 of 1st period - Shot by Mike Fisher.
2:39 of 1st period - Stopped by Antti Niemi without a rebound.
2:40 of 1st period - Vaclav Prospal wins face-off versus Matt Cullen in Avalanche zone.
3:13 of 1st period - Icing by Erik Johnson.
3:14 of 1st period - Matt Cullen wins face-off versus Marcel Goc in Flames zone.
3:25 of 1st period - Shot by Marcel Goc.
3:25 of 1st period - Stopped by Evgeni Nabokov without a rebound.
3:26 of 1st period - Marcel Goc wins face-off versus Mike Fisher in Flames zone.
3:26 of 1st period - Marcel Goc is hit by Josh Gorges.
4:16 of 1st period - Marcel Goc is hit by Steve Downie and loses puck.
5:14 of 1st period - Kyle Quincey is hit by Matt Cullen and loses puck.
6:05 of 1st period - Shot by Vaclav Prospal.
6:05 of 1st period - Stopped by Evgeni Nabokov with a rebound.
6:30 of 1st period - Shot by Rostislav Olesz.
6:30 of 1st period - Shot Misses the Net.
6:32 of 1st period - Shot by Steve Downie.
6:32 of 1st period - Shot Blocked by Joe Corvo.
7:52 of 1st period - Shot by Mike Fisher.
7:52 of 1st period - Stopped by Antti Niemi with a rebound.
7:55 of 1st period - Minor Penalty to Kris Versteeg for Elbowing.
7:56 of 1st period - T.J. Galiardi wins face-off versus Maxim Lapierre in Avalanche zone.
8:29 of 1st period - Off-side.
8:30 of 1st period - Mike Fisher wins face-off versus T.J. Galiardi in neutral zone.
8:43 of 1st period - Shot by Mark Streit.
8:43 of 1st period - Deflect By Alex Steen.
8:43 of 1st period - Shot Blocked by Kevin Klein.
9:18 of 1st period - Marco Sturm is hit by Niclas Wallin and loses puck.
9:54 of 1st period - Off-side.
9:55 of 1st period - Todd White wins face-off versus Mike Fisher in neutral zone.
9:58 of 1st period - Mike Fisher is hit by T.J. Galiardi and loses puck.
10:21 of 1st period - Shot by T.J. Galiardi.
10:21 of 1st period - Shot Misses the Net.
12:01 of 1st period - Shot by Steve Downie.
12:01 of 1st period - Shot Misses the Net.
12:17 of 1st period - Minor Penalty to Niclas Wallin for High sticking.
12:18 of 1st period - T.J. Galiardi wins face-off versus Matt Cullen in Avalanche zone.
12:39 of 1st period - Shot by Erik Johnson.
12:39 of 1st period - Shot Blocked by Kyle Quincey.
12:43 of 1st period - Shot by Matt Cullen.
12:43 of 1st period - Shot Blocked by T.J. Galiardi.
12:45 of 1st period - Shot by Matt Cullen.
12:45 of 1st period - Shot Misses the Net.
12:47 of 1st period - Shot by Owen Nolan.
12:47 of 1st period - Stopped by Antti Niemi without a rebound.
12:48 of 1st period - Brian Gionta wins face-off versus Mike Fisher in Avalanche zone.
13:28 of 1st period - Kyle Quincey is hit by Mike Fisher and loses puck.
13:40 of 1st period - Icing by Rostislav Olesz.
13:41 of 1st period - Marcel Goc wins face-off versus Maxim Lapierre in Flames zone.
14:30 of 1st period - Shot by Mike Knuble.
14:30 of 1st period - Stopped by Evgeni Nabokov without a rebound.
14:31 of 1st period - Vaclav Prospal wins face-off versus Maxim Lapierre in Flames zone.
14:31 of 1st period - Vaclav Prospal is hit by Mark Streit.
14:35 of 1st period - Shot by Vaclav Prospal.
14:35 of 1st period - Stopped by Evgeni Nabokov without a rebound.
14:36 of 1st period - Tyler Bozak wins face-off versus Matt Cullen in Flames zone.
14:56 of 1st period - Icing by Carl Gunnarsson.
14:57 of 1st period - Tyler Bozak wins face-off versus Mike Fisher in Avalanche zone.
16:48 of 1st period - Icing by Wade Redden.
16:49 of 1st period - Tyler Bozak wins face-off versus Mike Fisher in Avalanche zone.
17:04 of 1st period - Mike Fisher is hit by Wade Redden and loses puck.
17:14 of 1st period - Minor Penalty to Carl Gunnarsson for Cross-checking.
17:15 of 1st period - T.J. Galiardi wins face-off versus Maxim Lapierre in Avalanche zone.
18:30 of 1st period - Shot by Alex Steen.
18:30 of 1st period - Shot Blocked by Joe Corvo.
18:32 of 1st period - Shot by Mike Fisher.
18:32 of 1st period - Stopped by Antti Niemi without a rebound.
18:33 of 1st period - Marcel Goc wins face-off versus Mike Fisher in Avalanche zone.
19:47 of 1st period - Shot by Mike Knuble.
19:47 of 1st period - Stopped by Evgeni Nabokov without a rebound.
19:48 of 1st period - Maxim Lapierre wins face-off versus Wojtek Wolski in Flames zone.
19:57 of 1st period - Off-side.
19:58 of 1st period - Vaclav Prospal wins face-off versus Matt Cullen in neutral zone.

Period #2

0:01 of 2nd period - Tyler Bozak wins face-off versus Maxim Lapierre in neutral zone.
0:14 of 2nd period - Shot by Tyler Bozak.
0:14 of 2nd period - Stopped by Evgeni Nabokov without a rebound.
0:15 of 2nd period - Vaclav Prospal wins face-off versus Mike Fisher in Flames zone.
0:15 of 2nd period - Vaclav Prospal is hit by Oskars Bartulis.
0:49 of 2nd period - Shot by Brian Gionta.
0:49 of 2nd period - Stopped by Evgeni Nabokov with a rebound.
1:11 of 2nd period - Josh Gorges is hit by Daniel Briere.
1:27 of 2nd period - Dan Boyle is hit by Tyler Bozak and loses puck.
1:55 of 2nd period - Steve Downie is hit by T.J. Oshie and loses puck.
2:00 of 2nd period - Shot by Troy Brouwer.
2:00 of 2nd period - Shot Blocked by Dan Boyle.
2:03 of 2nd period - T.J. Oshie is hit by Mark Streit and loses puck.
2:08 of 2nd period - Shot by T.J. Oshie.
2:08 of 2nd period - Shot Misses the Net.
3:04 of 2nd period - Erik Johnson is hit by Kyle Quincey and loses puck.
3:38 of 2nd period - Minor Penalty to Brian Gionta for Interference.
3:39 of 2nd period - T.J. Galiardi wins face-off versus Maxim Lapierre in Avalanche zone.
3:59 of 2nd period - Shot by Jack Johnson.
3:59 of 2nd period - Shot Misses the Net.
4:01 of 2nd period - Shot by Jack Johnson.
4:01 of 2nd period - Stopped by Antti Niemi without a rebound.
4:02 of 2nd period - T.J. Galiardi wins face-off versus Mike Fisher in Avalanche zone.
4:31 of 2nd period - Shot by Dan Boyle.
4:31 of 2nd period - Stopped by Antti Niemi without a rebound.
4:32 of 2nd period - Vaclav Prospal wins face-off versus Maxim Lapierre in Avalanche zone.
5:15 of 2nd period - Shot by Matt Cullen.
5:15 of 2nd period - Stopped by Antti Niemi without a rebound.
5:16 of 2nd period - Mike Fisher wins face-off versus Marcel Goc in Avalanche zone.
5:31 of 2nd period - Shot by Dan Boyle.
5:31 of 2nd period - Stopped by Antti Niemi with a rebound.
5:33 of 2nd period - Shot by Alex Steen.
5:33 of 2nd period - Shot Misses the Net.
5:35 of 2nd period - Shot by Mike Fisher.
5:35 of 2nd period - Stopped by Antti Niemi with a rebound.
5:39 of 2nd period - Shot by Josh Gorges.
5:39 of 2nd period - Shot Misses the Net.
5:52 of 2nd period - Tyler Bozak is hit by Oskars Bartulis and loses puck.
5:56 of 2nd period - Minor Penalty to Oskars Bartulis for Roughing.
5:57 of 2nd period - Matt Cullen wins face-off versus Vaclav Prospal in Flames zone.
6:06 of 2nd period - Shot by Mike Knuble.
6:06 of 2nd period - Deflect By Vaclav Prospal.
6:06 of 2nd period - Shot Misses the Net.
6:09 of 2nd period - Minor Penalty to Vaclav Prospal for Hooking.
6:10 of 2nd period - Mike Fisher wins face-off versus Brian Gionta in Avalanche zone.
6:13 of 2nd period - Shot by Alex Steen.
6:13 of 2nd period - Stopped by Antti Niemi without a rebound.
6:14 of 2nd period - Maxim Lapierre wins face-off versus T.J. Galiardi in Avalanche zone.
7:03 of 2nd period - Shot by Alex Steen.
7:03 of 2nd period - Shot Misses the Net.
7:07 of 2nd period - Shot by Mike Fisher.
7:07 of 2nd period - Shot Misses the Net.
7:09 of 2nd period - Shot by Mike Fisher.
7:09 of 2nd period - Shot Misses the Net.
7:50 of 2nd period - Shot by Mark Streit.
7:50 of 2nd period - Shot Blocked by Joe Corvo.
8:11 of 2nd period - Rob Schremp is hit by Troy Brouwer and loses puck.
8:26 of 2nd period - Rob Schremp is hit by Niclas Wallin and loses puck.
8:33 of 2nd period - Shot by Marcel Goc.
8:33 of 2nd period - Shot Blocked by Jack Johnson.
8:57 of 2nd period - Shot by Marco Sturm.
8:57 of 2nd period - Shot Hit the Post.
9:01 of 2nd period - Shot by Mike Fisher.
9:01 of 2nd period - Shot Misses the Net.
9:03 of 2nd period - Shot by Alex Steen.
9:03 of 2nd period - Stopped by Antti Niemi with a rebound.
9:13 of 2nd period - Shot by Alex Steen.
9:13 of 2nd period - Shot Misses the Net.
9:35 of 2nd period - Joe Corvo is hit by Steve Downie and loses puck.
9:39 of 2nd period - Icing by Joe Corvo.
9:40 of 2nd period - Matt Cullen wins face-off versus Vaclav Prospal in Avalanche zone.
9:55 of 2nd period - Shot by Brian Gionta.
9:55 of 2nd period - Deflect By Vaclav Prospal.
9:55 of 2nd period - Shot Misses the Net.
9:59 of 2nd period - Shot by Wojtek Wolski.
9:59 of 2nd period - Stopped by Evgeni Nabokov without a rebound.
10:00 of 2nd period - Maxim Lapierre wins face-off versus Tyler Bozak in Flames zone.
11:09 of 2nd period - Shot by Marco Sturm.
11:09 of 2nd period - Stopped by Antti Niemi without a rebound.
11:10 of 2nd period - Vaclav Prospal wins face-off versus Matt Cullen in Avalanche zone.
11:25 of 2nd period - Shot by Erik Johnson.
11:25 of 2nd period - Stopped by Antti Niemi without a rebound.
11:26 of 2nd period - Mike Fisher wins face-off versus Vaclav Prospal in Avalanche zone.
11:29 of 2nd period - Shot by Alex Steen.
11:29 of 2nd period - Shot Misses the Net.
12:13 of 2nd period - Shot by T.J. Oshie.
12:13 of 2nd period - Stopped by Evgeni Nabokov without a rebound.
12:14 of 2nd period - Todd White wins face-off versus Matt Cullen in Flames zone.
12:27 of 2nd period - Shot by Kyle Quincey.
12:27 of 2nd period - Stopped by Evgeni Nabokov without a rebound.
12:28 of 2nd period - Marcel Goc wins face-off versus Maxim Lapierre in Flames zone.
12:28 of 2nd period - Marcel Goc is hit by Dan Boyle.
12:45 of 2nd period - T.J. Oshie is hit by Dan Boyle.
12:48 of 2nd period - Marcel Goc is hit by Dan Boyle.
13:16 of 2nd period - Shot by Rob Schremp.
13:16 of 2nd period - Stopped by Antti Niemi with a rebound.
13:18 of 2nd period - Shot by Matt Cullen.
13:18 of 2nd period - Shot Blocked by Wade Redden.
13:20 of 2nd period - Shot by Owen Nolan.
13:20 of 2nd period - Stopped by Antti Niemi without a rebound.
13:21 of 2nd period - Matt Cullen wins face-off versus Vaclav Prospal in Avalanche zone.
13:34 of 2nd period - Shot by Vaclav Prospal.
13:34 of 2nd period - Shot Misses the Net.
13:38 of 2nd period - Shot by Vaclav Prospal.
13:38 of 2nd period - Shot Misses the Net.
13:42 of 2nd period - Shot by Brian Gionta.
13:42 of 2nd period - Stopped by Evgeni Nabokov without a rebound.
13:43 of 2nd period - Tyler Bozak wins face-off versus Mike Fisher in Flames zone.
13:48 of 2nd period - Shot by Daniel Briere.
13:48 of 2nd period - Stopped by Evgeni Nabokov without a rebound.
13:49 of 2nd period - Marco Sturm wins face-off versus Todd White in Flames zone.
14:00 of 2nd period - Kyle Quincey is hit by Mike Fisher and loses puck.
14:26 of 2nd period - Minor Penalty to Mike Fisher for High sticking.
14:27 of 2nd period - Tyler Bozak wins face-off versus Matt Cullen in Flames zone.
14:28 of 2nd period - Shot by Brian Gionta.
14:28 of 2nd period - Shot Misses the Net.
14:29 of 2nd period - Minor Penalty to Troy Brouwer for Hooking.
14:30 of 2nd period - Marcel Goc wins face-off versus Maxim Lapierre in Avalanche zone.
14:51 of 2nd period - Shot by T.J. Oshie.
14:51 of 2nd period - Shot Misses the Net.
14:53 of 2nd period - Shot by Carl Gunnarsson.
14:53 of 2nd period - Stopped by Evgeni Nabokov without a rebound.
14:54 of 2nd period - Rostislav Olesz wins face-off versus Vaclav Prospal in Flames zone.
15:27 of 2nd period - Shot by Rostislav Olesz.
15:27 of 2nd period - Shot Misses the Net.
15:37 of 2nd period - Maxim Lapierre is hit by Vaclav Prospal and loses puck.
15:47 of 2nd period - Carl Gunnarsson is hit by Maxim Lapierre and loses puck.
16:23 of 2nd period - Shot by Matt Cullen.
16:23 of 2nd period - Shot Misses the Net.
16:33 of 2nd period - Shot by Marco Sturm.
16:33 of 2nd period - Goal by Marco Sturm - Avalanche : 0 - Flames : 2.
16:34 of 2nd period - Matt Cullen wins face-off versus Marcel Goc in neutral zone.
16:36 of 2nd period - Jack Johnson is hit by Niclas Wallin and loses puck.
16:53 of 2nd period - T.J. Oshie is hit by Matt Cullen and loses puck.
17:01 of 2nd period - T.J. Oshie is hit by Jack Johnson and loses puck.
17:05 of 2nd period - Minor Penalty to T.J. Oshie for Holding.
17:06 of 2nd period - Mike Fisher wins face-off versus Brian Gionta in Avalanche zone.
18:54 of 2nd period - Icing by Dan Boyle.
18:55 of 2nd period - Owen Nolan wins face-off versus T.J. Galiardi in Flames zone.
19:38 of 2nd period - Marco Sturm is hit by Daniel Briere and loses puck.
19:42 of 2nd period - Icing by Josh Gorges.
19:43 of 2nd period - Matt Cullen wins face-off versus Vaclav Prospal in Flames zone.
19:52 of 2nd period - Icing by Brian Gionta.
19:53 of 2nd period - Vaclav Prospal wins face-off versus Maxim Lapierre in Avalanche zone.
19:53 of 2nd period - Minor Penalty to Maxim Lapierre for Boarding.
19:54 of 2nd period - Vaclav Prospal wins face-off versus Matt Cullen in Flames zone.
19:55 of 2nd period - Shot by Kyle Quincey.
19:55 of 2nd period - Stopped by Evgeni Nabokov without a rebound.
19:56 of 2nd period - Matt Cullen wins face-off versus Vaclav Prospal in Flames zone.
19:56 of 2nd period - Matt Cullen is hit by Daniel Briere.

Period #3

0:01 of 3rd period - Mike Fisher wins face-off versus Tyler Bozak in neutral zone.
0:28 of 3rd period - Shot by Joe Corvo.
0:28 of 3rd period - Stopped by Evgeni Nabokov without a rebound.
0:29 of 3rd period - Vaclav Prospal wins face-off versus Matt Cullen in Flames zone.
0:34 of 3rd period - Shot by Daniel Briere.
0:34 of 3rd period - Stopped by Evgeni Nabokov without a rebound.
0:35 of 3rd period - Vaclav Prospal wins face-off versus Matt Cullen in Flames zone.
0:40 of 3rd period - Shot by Vaclav Prospal.
0:40 of 3rd period - Stopped by Evgeni Nabokov without a rebound.
0:41 of 3rd period - Vaclav Prospal wins face-off versus Matt Cullen in Flames zone.
0:56 of 3rd period - Shot by Kyle Quincey.
0:56 of 3rd period - Stopped by Evgeni Nabokov without a rebound.
0:57 of 3rd period - Tyler Bozak wins face-off versus Matt Cullen in Flames zone.
1:00 of 3rd period - Shot by Brian Gionta.
1:00 of 3rd period - Shot Misses the Net.
1:25 of 3rd period - Shot by Joe Corvo.
1:25 of 3rd period - Goal by Joe Corvo - Avalanche : 1 - Flames : 2.
1:26 of 3rd period - Kris Versteeg wins face-off versus Maxim Lapierre in neutral zone.
1:26 of 3rd period - Kris Versteeg is hit by Steve Downie.
1:41 of 3rd period - T.J. Galiardi is hit by Dan Boyle.
1:53 of 3rd period - Shot by Todd White.
1:53 of 3rd period - Shot Blocked by Maxim Lapierre.
1:55 of 3rd period - Shot by Kyle Quincey.
1:55 of 3rd period - Stopped by Evgeni Nabokov without a rebound.
1:56 of 3rd period - Marcel Goc wins face-off versus Matt Cullen in Flames zone.
2:02 of 3rd period - Minor Penalty to Jack Johnson for Tripping.
2:03 of 3rd period - Tyler Bozak wins face-off versus Mike Fisher in Flames zone.
2:17 of 3rd period - Shot by Brian Gionta.
2:17 of 3rd period - Stopped by Evgeni Nabokov without a rebound.
2:18 of 3rd period - Matt Cullen wins face-off versus Vaclav Prospal in Flames zone.
2:18 of 3rd period - Minor Penalty to Daniel Briere for Hooking.
2:19 of 3rd period - Vaclav Prospal wins face-off versus Maxim Lapierre in Avalanche zone.
2:46 of 3rd period - Shot by T.J. Galiardi.
2:46 of 3rd period - Shot Misses the Net.
3:27 of 3rd period - Shot by Joe Corvo.
3:27 of 3rd period - Stopped by Evgeni Nabokov with a rebound.
3:31 of 3rd period - Shot by T.J. Oshie.
3:31 of 3rd period - Stopped by Evgeni Nabokov without a rebound.
3:32 of 3rd period - Marcel Goc wins face-off versus Mike Fisher in Flames zone.
3:45 of 3rd period - Shot by T.J. Oshie.
3:45 of 3rd period - Shot Blocked by Erik Johnson.
4:22 of 3rd period - Shot by Matt Cullen.
4:22 of 3rd period - Shot Misses the Net.
5:31 of 3rd period - Shot by Steve Downie.
5:31 of 3rd period - Shot Misses the Net.
5:33 of 3rd period - Shot by Mark Streit.
5:33 of 3rd period - Stopped by Antti Niemi with a rebound.
5:59 of 3rd period - Daniel Briere is hit by Mike Fisher and loses puck.
6:14 of 3rd period - Shot by Tyler Bozak.
6:14 of 3rd period - Deflect By Mike Knuble.
6:14 of 3rd period - Shot Misses the Net.
6:16 of 3rd period - Shot by Tyler Bozak.
6:16 of 3rd period - Stopped by Evgeni Nabokov with a rebound.
6:18 of 3rd period - Shot by Wade Redden.
6:18 of 3rd period - Stopped by Evgeni Nabokov without a rebound.
6:19 of 3rd period - Matt Cullen wins face-off versus Vaclav Prospal in Flames zone.
8:04 of 3rd period - Minor Penalty to Josh Gorges for Hooking.
8:05 of 3rd period - Marco Sturm wins face-off versus Tyler Bozak in Flames zone.
8:14 of 3rd period - Shot by Mike Knuble.
8:14 of 3rd period - Stopped by Evgeni Nabokov without a rebound.
8:15 of 3rd period - Tyler Bozak wins face-off versus Rostislav Olesz in Flames zone.
8:18 of 3rd period - Shot by Tyler Bozak.
8:18 of 3rd period - Deflect By Troy Brouwer.
8:18 of 3rd period - Shot Blocked by Dan Boyle.
8:32 of 3rd period - Shot by Mike Knuble.
8:32 of 3rd period - Deflect By Tyler Bozak.
8:32 of 3rd period - Stopped by Evgeni Nabokov without a rebound.
8:33 of 3rd period - Matt Cullen wins face-off versus Todd White in Flames zone.
8:51 of 3rd period - Minor Penalty to Zach Bogosian for Hooking.
8:52 of 3rd period - Matt Cullen wins face-off versus Tyler Bozak in Flames zone.
9:09 of 3rd period - Shot by Troy Brouwer.
9:09 of 3rd period - Deflect By Daniel Briere.
9:09 of 3rd period - Shot Blocked by Mark Streit.
9:11 of 3rd period - Shot by Troy Brouwer.
9:11 of 3rd period - Shot Blocked by Dan Boyle.
9:21 of 3rd period - Shot by Todd White.
9:21 of 3rd period - Stopped by Evgeni Nabokov without a rebound.
9:22 of 3rd period - Mike Fisher wins face-off versus Vaclav Prospal in Flames zone.
9:45 of 3rd period - Shot by Vaclav Prospal.
9:45 of 3rd period - Shot Misses the Net.
9:47 of 3rd period - Shot by Wade Redden.
9:47 of 3rd period - Shot Blocked by Erik Johnson.
10:17 of 3rd period - Rostislav Olesz is hit by Troy Brouwer and loses puck.
11:04 of 3rd period - Shot by Marcel Goc.
11:04 of 3rd period - Shot Misses the Net.
11:06 of 3rd period - Shot by Niclas Wallin.
11:06 of 3rd period - Shot Misses the Net.
11:08 of 3rd period - Shot by Kevin Klein.
11:08 of 3rd period - Goal by Kevin Klein - Avalanche : 2 - Flames : 2.
11:09 of 3rd period - Todd White wins face-off versus Mike Fisher in neutral zone.
11:09 of 3rd period - Todd White is hit by Mike Fisher.
11:19 of 3rd period - Shot by Wade Redden.
11:19 of 3rd period - Stopped by Evgeni Nabokov without a rebound.
11:20 of 3rd period - T.J. Oshie wins face-off versus Matt Cullen in Flames zone.
11:21 of 3rd period - Shot by Troy Brouwer.
11:21 of 3rd period - Shot Misses the Net.
11:23 of 3rd period - Shot by Kevin Klein.
11:23 of 3rd period - Stopped by Evgeni Nabokov without a rebound.
11:24 of 3rd period - Matt Cullen wins face-off versus Marcel Goc in Flames zone.
11:24 of 3rd period - Matt Cullen is hit by Troy Brouwer.
11:49 of 3rd period - Minor Penalty to T.J. Oshie for Hooking.
11:50 of 3rd period - Mike Fisher wins face-off versus T.J. Galiardi in Avalanche zone.
11:53 of 3rd period - Shot by Mark Streit.
11:53 of 3rd period - Shot Blocked by Wade Redden.
11:55 of 3rd period - Shot by Rob Schremp.
11:55 of 3rd period - Shot Misses the Net.
11:59 of 3rd period - Shot by Mike Fisher.
11:59 of 3rd period - Stopped by Antti Niemi with a rebound.
12:01 of 3rd period - Shot by Alex Steen.
12:01 of 3rd period - Shot Blocked by Kevin Klein.
12:03 of 3rd period - Shot by Mike Fisher.
12:03 of 3rd period - Shot Misses the Net.
12:17 of 3rd period - Shot by Rob Schremp.
12:17 of 3rd period - Stopped by Antti Niemi with a rebound.
12:19 of 3rd period - Shot by Mark Streit.
12:19 of 3rd period - Shot Blocked by Wade Redden.
12:29 of 3rd period - Shot by Marco Sturm.
12:29 of 3rd period - Stopped by Antti Niemi without a rebound.
12:30 of 3rd period - Maxim Lapierre wins face-off versus Marcel Goc in Avalanche zone.
12:35 of 3rd period - Shot by Zach Bogosian.
12:35 of 3rd period - Shot Misses the Net.
12:39 of 3rd period - Shot by Marco Sturm.
12:39 of 3rd period - Goal by Marco Sturm - Avalanche : 2 - Flames : 3.
12:40 of 3rd period - Vaclav Prospal wins face-off versus Maxim Lapierre in neutral zone.
13:10 of 3rd period - Mark Streit is hit by Joe Corvo and loses puck.
13:12 of 3rd period - Minor Penalty to Kyle Quincey for Hooking.
13:13 of 3rd period - Marcel Goc wins face-off versus Maxim Lapierre in Avalanche zone.
13:13 of 3rd period - Marcel Goc is hit by Maxim Lapierre.
14:22 of 3rd period - Shot by Dan Boyle.
14:22 of 3rd period - Stopped by Antti Niemi without a rebound.
14:23 of 3rd period - Marcel Goc wins face-off versus Mike Fisher in Avalanche zone.
15:26 of 3rd period - Shot by Marco Sturm.
15:26 of 3rd period - Shot Misses the Net.
15:28 of 3rd period - Shot by Marco Sturm.
15:28 of 3rd period - Shot Misses the Net.
16:01 of 3rd period - Shot by Daniel Briere.
16:01 of 3rd period - Stopped by Evgeni Nabokov without a rebound.
16:02 of 3rd period - Tyler Bozak wins face-off versus Maxim Lapierre in Flames zone.
16:07 of 3rd period - Shot by Daniel Briere.
16:07 of 3rd period - Shot Misses the Net.
16:57 of 3rd period - Shot by Mike Fisher.
16:57 of 3rd period - Shot Misses the Net.
17:15 of 3rd period - Shot by Wojtek Wolski.
17:15 of 3rd period - Stopped by Evgeni Nabokov without a rebound.
17:16 of 3rd period - Mike Fisher wins face-off versus Vaclav Prospal in Flames zone.
17:34 of 3rd period - Minor Penalty to Zach Bogosian for Roughing.
17:35 of 3rd period - Matt Cullen wins face-off versus Daniel Briere in Flames zone.
17:35 of 3rd period - Matt Cullen is hit by Daniel Briere.
18:19 of 3rd period - Shot by Vaclav Prospal.
18:19 of 3rd period - Stopped by Evgeni Nabokov without a rebound.
18:20 of 3rd period - Matt Cullen wins face-off versus Mike Knuble in Flames zone.
18:32 of 3rd period - Icing by Brian Gionta.
18:33 of 3rd period - Mike Fisher wins face-off versus Mike Knuble in Avalanche zone.
18:46 of 3rd period - Shot by Brian Gionta.
18:46 of 3rd period - Deflect By Troy Brouwer.
18:46 of 3rd period - Stopped by Evgeni Nabokov without a rebound.
18:47 of 3rd period - Matt Cullen wins face-off versus Vaclav Prospal in Flames zone.
18:58 of 3rd period - Rostislav Olesz is hit by Mike Knuble and loses puck.
19:01 of 3rd period - Avalanche, Antti Niemi is pulled from the net.
19:56 of 3rd period - Steve Downie is hit by Niclas Wallin and loses puck.
19:59 of 3rd period - Shot by Maxim Lapierre.
19:59 of 3rd period - Goal by Maxim Lapierre - Avalanche : 2 - Flames : 4.
19:59 of 3rd period - Antti Niemi from Avalanche was sent back in the game.


Output by the SimonT Hockey Simulator (STHS) for Stephane Roy -- Original Page W3C XHTML 1.0 Valid